 Dungeon Crawl Stone Soup version 0.29.1-1-gd02db6906a (webtiles) character file.

Game seed: 14149229103860645644

21 Larmestyx the Grave Robber (level 2, -5/21 HPs)
             Began as a Demonspawn Necromancer on Oct 4, 2022.
             Slain by a worm (7 damage)
             ... on level 2 of the Dungeon.
             The game lasted 00:06:56 (1174 turns).

Larmestyx the Grave Robber (Demonspawn Necromancer) Turns: 1174, Time: 00:06:56

Health: -5/21      AC:  2    Str:  8    XL:     2   Next: 62%
Magic:  3/5        EV: 12    Int: 16    God:
Gold:   87         SH:  0    Dex: 13    Spells: 4/5 levels left

rFire   . . .      SeeInvis .   (no weapon)
rCold   . . .      Faith    .   (no shield)
rNeg    . . .      Spirit   .   a - +0 robe
rPois   .          Reflect  .   (no helmet)
rElec   .          Harm     .   (no cloak)
rCorr   .          Rampage  .   (no gloves)
Will    .....                   (no boots)
Stlth   ++........              (no amulet)
HPRegen 0.07/turn               (no ring)
MPRegen 0.18/turn               (no ring)

@: no status effects
A: magic regeneration
a: no special abilities


You were on level 2 of the Dungeon.
You visited 1 branch of the dungeon, and saw 2 of its levels.

You collected 87 gold pieces.

Inventory:

Missiles
 e - 14 stones
Armour
 a - a +0 robe (worn)
Scrolls
 c - 2 scrolls of enchant weapon {unknown}
 d - a scroll of blinking {unknown}
 f - 3 scrolls of identify {unknown}
 h - a scroll of teleportation {unknown}
 i - a scroll of fog {unknown}
Potions
 b - a potion of magic
 g - a potion of cancellation {unknown}


   Skills:
 + Level 1.1 Fighting
 - Level 1.7 Dodging
 - Level 1.7 Stealth
 + Level 2.4 Spellcasting
 + Level 4.7 Necromancy


You had 4 spell levels left.
You knew the following spells:

 Your Spells              Type           Power      Damage    Failure   Level
a - Necrotise             Necr           68%        1d7       3%          1

Your spell library contained the following spells:

 Spells                   Type           Power      Damage    Failure   Level
 Vampiric Draining        Necr           17%        2d7       9%          3
 Animate Dead             Necr           17%        N/A       28%         4
 Agony                    Necr           17%        N/A       63%         5


Dungeon Overview and Level Annotations

Branches:
Dungeon (2/15)

Altars:

Shops:
D:1 (


Innate Abilities, Weirdness & Mutations

You regenerate magic rapidly.


Message History

Unknown command.
You hit the worm.
The worm is moderately wounded.
The worm bites you.
You hit the worm but do no damage. You punch the worm.
The worm is heavily wounded.
The worm barely misses you.
You hit the worm.
The worm is heavily wounded.
You hit the worm but do no damage.
The worm is heavily wounded.
The worm barely misses you.
You hit the worm.
The worm is heavily wounded.
You hit the worm but do no damage.
The worm is heavily wounded.
The worm closely misses you.
You hit the worm but do no damage.
The worm is moderately wounded.
The worm completely misses you.
You hit the worm but do no damage.
The worm is moderately wounded.
You hit the worm but do no damage.
The worm is moderately wounded.
The worm bites you!
You completely miss the worm.
The worm is moderately wounded.
You barely miss the worm.
The worm is moderately wounded.
The worm bites you.
You hit the worm.
The worm is moderately wounded.
The worm bites you.
* * * LOW HITPOINT WARNING * * *
You hit the worm.
The worm is moderately wounded.
You hit the worm.
The worm is moderately wounded.
The worm bites you!
You die...

#.....#
#..####
#..#######
#........#
#.######.#
#.# #.# .##
#.######....>
#...@w.......
##########.##


You could see a worm.

Vanquished Creatures
  A ball python (D:2)
  4 bats
  An endoplasm (D:1)
  A giant cockroach (D:2)
  2 goblins (D:1)
  A hobgoblin (D:1)
  A quokka (D:2)
  A frilled lizard (D:2)
  3 kobolds
  A rat (D:2)
16 creatures vanquished.

Vanquished Creatures (collateral kills)
  2 ball pythons
2 creatures vanquished.

Vanquished Creatures (others)
  4 fungi (D:1)
  5 plants (D:1)
9 creatures vanquished.

Grand Total: 27 creatures vanquished

Notes
Turn   | Place    | Note
-------+----------+-------------------------------------------
     0 | D:1      | Larmestyx the Demonspawn Necromancer began the quest for
                  | the Orb.
     0 | D:1      | Reached XP level 1. HP: 13/13 MP: 3/3
    26 | D:1      | Found Foejuom's Antique Weapon Shoppe.
    83 | D:1      | Found a faded altar of an unknown god.
   512 | D:1      | Gained mutation: You regenerate magic rapidly. [demonic
                  | ancestry]
   512 | D:1      | Reached XP level 2. HP: 20/20 MP: 3/5
  1016 | D:2      | Reached skill level 1 in Fighting
  1042 | D:2      | Identified the +0 robe of the Sunfish {Rampage rElec Will+
                  | Int+2}
  1174 | D:2      | Slain by a worm

Illustrated notes

Levels and vault maps discovered:
D:1:      tarquinn_simple_flora_water_f, layout_loops_ring, serial_shops, shop,
          shapermc_ecumenical_altar_gd
D:2:      layout_loops_ring, basic_altar, serial_shops, shop, serial_rivers,
          chequers_serial_rivers_micro_a, chequers_serial_rivers_micro_e,
          chequers_serial_rivers_room_a, chequers_serial_rivers_small_a,
          chequers_serial_rivers_micro_e, chequers_serial_rivers_micro_a

Skill      XL: |  1  2 |
---------------+-------+-----
Fighting       | 1 |  1.1
Dodging        | |  1.7
Stealth        | |  1.7
Spellcasting   | |  2.4
Necromancy     | |  4.7

Action                   || total
-------------------------++-------
Melee: Unarmed           ||    19
       Punch             ||     1
 Cast: Necrotise         ||    26
Armor: Robe              ||     2
Dodge: Dodged            ||     8
